Cogmind - Beta 12 X1 @@@ ROGUE MODE // 2022.08.11 @ 12:13:43 Player: btmk16 Result: Destroyed by D-53 Grenadier with Mini Grenade Launcher Performance ------------- Evolutions (1) 500 Regions Visited (4) 800 Robots Destroyed (56) 280 Value Destroyed (1340) 1340 Prototype IDs (0) 0 Alien Tech Used (0) 0 Bonus (104) 104 TOTAL SCORE: 3024 Bonus ------- High Alert Combat Kills 30 Follower Combat Kills 74 Cogmind --------- Core Integrity 0/400 Matter 225/300 Energy 165/265 System Corruption 1% Temperature Cool (0) Movement Treading (240) Ox1 Location -9/Mines Parts ------- > --- POWER (1) -------- Improved Ion Engine > --- PROPULSION (2) --- Light Treads > --- UTILITY (4) ------ Improved Heat Sink Large Storage Unit Structural Scanner Core Shielding > --- WEAPON (2) ------- (None) > --- INVENTORY (15) --- Light Treads Compact Wheel High-capacity Storage Unit Medium Matter Pod (100) Light Armor Plating Light Armor Plating High-powered Tractor Beam Light Assault Rifle Heavy Assault Rifle Heavy Assault Rifle Rocket Launcher Mining Laser Proton Bomb Trap Proton Bomb Trap Peak State ------------ > --- POWER ------------ Improved Ion Engine > --- PROPULSION ------- Light Treads Improved Treads > --- UTILITY ---------- Improved Heat Sink Large Storage Unit Structural Scanner Core Shielding > --- WEAPON ----------- Heavy Assault Rifle Heavy Assault Rifle > --- INVENTORY -------- Improved Ion Engine Wheel Wheel Compact Wheel High-capacity Storage Unit Medium Matter Pod Light Armor Plating High-powered Tractor Beam Light Assault Rifle Heavy Assault Rifle Rocket Launcher Rocket Launcher Mining Laser Proton Bomb Trap Proton Bomb Trap [Rating: 17] Favorites ----------- Power Light Ion Engine Engine Light Ion Engine Propulsion Light Treads Treads Light Treads Wheel Wheel Utility Structural Scanner Device Structural Scanner Storage Large Storage Unit Protection Light Armor Plating Weapon Assault Rifle Ballistic Gun Assault Rifle Launcher Rocket Launcher Build | -11 -10 -10 -9 -9 ------- Run | Scr Mat Min Mat Min Slots Evolved 2 | . . . 2 . Power . | . . . . . Propulsion . | . . . . . Utility 2 | . . . 2 . Weapon . | . . . . . Parts Attached 48 | 7 5 1 31 4 Power 7 | 1 1 . 4 1 Engine 7 | 1 1 . 4 1 Core . | . . . . . Reactor . | . . . . . Propulsion 15 | 2 . 1 11 1 Treads 12 | 2 . . 9 1 Leg . | . . . . . Wheel 3 | . . 1 2 . Hover . | . . . . . Flight . | . . . . . Utility 11 | 2 3 . 6 . Device 4 | 1 1 . 2 . Storage 3 | 1 2 . . . Processor . | . . . . . Hackware . | . . . . . Protection 4 | . . . 4 . Artifact . | . . . . . Weapon 15 | 2 1 . 10 2 Energy Gun . | . . . . . Energy Cannon . | . . . . . Ballistic Gun 13 | 2 1 . 10 . Ballistic Cannon . | . . . . . Launcher 2 | . . . . 2 Special Weapon . | . . . . . Impact Weapon . | . . . . . Slashing Weapon . | . . . . . Piercing Weapon . | . . . . . Special Melee Weapon . | . . . . . Unidentified Prototypes . | . . . . . Parts Lost 13 | . 1 1 7 4 Power 4 | . 1 . 2 1 Propulsion 4 | . . 1 2 1 Utility 1 | . . . 1 . Weapon 4 | . . . 2 2 Highest Loss Streak 3 | . 1 1 2 3 To Critical Strikes . | . . . . . Average Slot Usage (%) 98 | . 99 99 96 98 Engine 11 | . 13 14 9 10 Treads 19 | . 28 14 16 21 Wheel 5 | . . 13 5 . Device 18 | . 14 14 21 22 Storage 12 | . 14 14 11 11 Protection 5 | . . . 10 11 Ballistic Gun 24 | . 28 28 21 16 Naked Turns . | . . . . . Heaviest Build 38 | 13 28 28 37 38 Greatest Support 43 | 40 40 10 43 43 Greatest Overweight (x) 3 | . . 2 3 . Average Overweight (x) 1 | . . 2 1 . Largest Inventory Capacity 15 | 8 15 15 15 15 Average Capacity 14 | 7 12 15 15 15 Most Carried 15 | 8 13 15 15 15 Average Carried 12 | 4 10 14 14 14 Final Capacity 15 | 8 15 15 15 15 Final Carried 15 | 8 13 15 15 14 Class Distribution -------------------- 53% | Mutant 46% | Scavenger-Mutant Dominant Class ---------------- Mutant | -10/Materials Mutant | -10/Mines Scavenger-Mutant | -9/Materials Scavenger-Mutant | -9/Mines Resources | -11 -10 -10 -9 -9 ----------- Run | Scr Mat Min Mat Min Matter Collected 1714 | 354 351 152 833 24 Remotely . | . . . . . Salvage Created 1968 | 180 357 135 1235 61 Parts 132 | 7 32 8 78 7 Haulers Intercepted 3 | . 1 . 2 . Recyclers Shooed 1 | . . 1 . . Parts Field Recycled . | . . . . . Retrieved Matter . | . . . . . Parts Self-Destructed . | . . . . . Prevented . | . . . . . Kills | -11 -10 -10 -9 -9 ------- Run | Scr Mat Min Mat Min Combat Hostiles Destroyed 48 | . 10 2 24 12 Guns 36 | . 10 2 24 . AOE 12 | . . . . 12 Classes Destroyed 12 | 3 4 1 3 1 Worker 5 | 2 1 1 1 . Builder 3 | . . 1 1 1 Tunneler 5 | 3 1 . . 1 Hauler 3 | . 1 . 2 . Recycler 1 | 1 . . . . Operator 2 | . 1 . 1 . Watcher 1 | . . . 1 . Swarmer 8 | . 6 . 2 . Grunt 19 | . 4 2 13 . Duelist 1 | . . . 1 . Sentry 8 | . . . 8 . Assembled 12 | . . . . 12 Best Kill Streak 12 | 4 3 2 5 12 Combat Bots Only 12 | . 3 2 3 12 Max Kills in Single Turn 5 | 1 2 1 1 5 Gunslinging 1 | . 1 . . . Exploded 5 | . . . . 5 Melee . | . . . . . Uniques/NPCs Destroyed . | . . . . . Combat | -11 -10 -10 -9 -9 -------- Run | Scr Mat Min Mat Min Damage Taken 2673 | . 343 196 1555 579 Core 494 | . 70 14 311 99 Absorbed by Shields . | . . . . . Redirected to Shielding 20 | . . . 8 12 Core Remaining (%) 83 | 100 . 66 . . Volleys Fired 192 | 14 37 16 118 7 Largest 2 | 2 2 2 2 2 Hottest 46 | 40 40 40 46 46 Shots Fired 378 | 28 74 32 235 9 Gun 372 | 28 74 32 235 3 Cannon . | . . . . . Launcher 6 | . . . . 6 Special . | . . . . . Kinetic 372 | 28 74 32 235 3 Thermal . | . . . . . Explosive 3 | . . . . 3 Electromagnetic 3 | . . . . 3 Robot Hit Streak 18 | 4 9 7 18 2 Robot Miss Streak 5 | 2 5 3 4 1 Penetration Max . | . . . . . Secondary Targets 5 | . 2 1 2 . Max Gunslinging Chain 1 | . 1 1 1 . Shots Hit Robots 244 | 14 41 19 166 4 Core Hits 120 | 7 22 7 59 25 Critical Kills . | . . . . . Critical Parts Destroyed . | . . . . . Critical Strikes . | . . . . . Melee Attacks . | . . . . . Impact . | . . . . . Slashing . | . . . . . Piercing . | . . . . . Sneak Attacks . | . . . . . Combat Hostiles . | . . . . . Follow-up Attacks . | . . . . . Damage Inflicted 3924 | 199 539 240 2061 885 Guns 3051 | 199 539 240 2061 12 Cannons . | . . . . . Explosions 873 | . . . . 873 Melee . | . . . . . Ramming . | . . . . . Kinetic 3051 | 199 539 240 2061 12 Thermal . | . . . . . Explosive 743 | . . . . 743 Electromagnetic 130 | . . . . 130 Impact . | . . . . . Slashing . | . . . . . Piercing . | . . . . . Highest Corruption 1 | . . . 1 1 Average Corruption 1 | . . . 1 1 Corruption Purged . | . . . . . Corruption Blocked . | . . . . . Effects 6 | . . . 4 2 Matter Fused 4 | . . . 3 1 Data Loss (minor) 1 | . . . 1 . Misfires 1 | . . . . 1 Overload Shots . | . . . . . Overflow Damage 27 | . . . . 27 Projectiles . | . . . . . Explosions 27 | . . . . 27 Melee . | . . . . . Knockbacks . | . . . . . Impact . | . . . . . Kinetic . | . . . . . Secondary . | . . . . . Self-Inflicted Damage 44 | . . . . 44 Shots 1 | . . . . 1 Rammed . | . . . . . Targets Rammed . | . . . . . Kicked . | . . . . . Crushed . | . . . . . Highest Temperature 26 | . 26 12 6 6 Average Temperature 6 | . 9 5 4 6 Received Heat Transfer 957 | . 144 114 579 120 Siege Activations . | . . . . . Robots Corrupted . | . . . . . Combat Hostiles . | . . . . . Parts Fried . | . . . . . Impact Corruptions . | . . . . . Robots Melted . | . . . . . Combat Hostiles . | . . . . . Parts Melted . | . . . . . Heat Transferred . | . . . . . Parts Sabotaged . | . . . . . Parts Stolen . | . . . . . Parts Stripped . | . . . . . Power Chain Reactions . | . . . . . Missiles Intercepted . | . . . . . Alert | -11 -10 -10 -9 -9 ------- Run | Scr Mat Min Mat Min Peak Influence 447 | 30 213 106 447 237 Initial 161 | . 19 56 14 161 Average 159 | 13 107 69 244 179 Maximum Alert Level 2 | . 1 . 2 1 Low Security (%) 69 | 100 89 100 39 76 Level 1 24 | . 10 . 46 23 Level 2 6 | . . . 14 . Level 3 . | . . . . . Level 4 . | . . . . . Level 5 . | . . . . . High Security . | . . . . . Max Security . | . . . . . Squads Dispatched 6 | . 2 . 4 . Investigation . | . . . . . Extermination . | . . . . . Reinforcement 6 | . 2 . 4 . Assault . | . . . . . Garrison . | . . . . . Intercept . | . . . . . Searches Triggered . | . . . . . Construction Impeded . | . . . . . Haulers Reinforced . | . . . . . Active Scanning Responses . | . . . . . Cargo Convoy Interrupts . | . . . . . Stealth | -11 -10 -10 -9 -9 --------- Run | Scr Mat Min Mat Min Distress Signals 8 | . 2 . 6 . Communications Jammed . | . . . . . Distress Signals . | . . . . . Times Spotted 77 | . 17 4 41 15 Peak Tracking Total 12 | . 4 2 6 12 Tactical Retreats 5 | . 1 . 3 1 Traps | -11 -10 -10 -9 -9 ------- Run | Scr Mat Min Mat Min Traps Triggered 3 | . . . 3 . Indirectly . | . . . . . Trap Hack Attempts . | . . . . . Triggered . | . . . . . Disarmed . | . . . . . Reprogrammed . | . . . . . Reused . | . . . . . Traps Extracted . | . . . . . Installed . | . . . . . Triggered . | . . . . . Most Traps Carried 2 | . . 2 2 2 Machines | -11 -10 -10 -9 -9 ---------- Run | Scr Mat Min Mat Min Machines Disabled 4 | . 1 . 2 1 Max in Single Turn 1 | . 1 . 1 1 Machines Sabotaged . | . . . . . Garrisons Compromised . | . . . . . Overloaded Fab Kills . | . . . . . Hacking | -11 -10 -10 -9 -9 --------- Run | Scr Mat Min Mat Min Machines Accessed 2 | . 1 . 1 . Terminals 2 | . 1 . 1 . Fabricators . | . . . . . Repair Stations . | . . . . . Recycling Units . | . . . . . Scanalyzers . | . . . . . Garrison Access . | . . . . . Total Hacks 5 | . 2 . 3 . Successful 1 | . 1 . . . Failed 4 | . 1 . 3 . Catastrophic . | . . . . . Database Lockouts . | . . . . . Manual . | . . . . . Terminals 5 | . 2 . 3 . Fabricators . | . . . . . Repair Stations . | . . . . . Recycling Units . | . . . . . Scanalyzers . | . . . . . Garrison Access . | . . . . . Terminal Hacks 1 | . 1 . . . Locate Traps 1 | . 1 . . . Fabricator Hacks . | . . . . . Repair Station Hacks . | . . . . . Recycling Unit Hacks . | . . . . . Scanalyzer . | . . . . . Garrison Access Hacks . | . . . . . Unauthorized Hacks . | . . . . . Terminals . | . . . . . Fabricators . | . . . . . Repair Stations . | . . . . . Recycling Units . | . . . . . Scanalyzers . | . . . . . Garrison Access . | . . . . . Data Cores Recovered . | . . . . . Used . | . . . . . Hacking Detections 2 | . 1 . 1 . Full Trace Events . | . . . . . Feedback Events . | . . . . . Feedback Blocked . | . . . . . Robot Schematics Acquired . | . . . . . Robots Built . | . . . . . Authchips . | . . . . . Time . | . . . . . Total Robot Build Rating . | . . . . . Part Schematics Acquired . | . . . . . Parts Built . | . . . . . Authchips . | . . . . . Time . | . . . . . Total Part Build Rating . | . . . . . Parts Repaired . | . . . . . Time . | . . . . . Parts Recycled . | . . . . . Recycled Matter . | . . . . . Retrieved Matter . | . . . . . Retrieved Components . | . . . . . Parts Scanalyzed . | . . . . . Part Schematics Acquired . | . . . . . Parts Damaged . | . . . . . Bothacking | -11 -10 -10 -9 -9 ------------ Run | Scr Mat Min Mat Min Used RIF Installer . | . . . . . Robots Hacked . | . . . . . Non-combat . | . . . . . Combat . | . . . . . Robot Hacks Applied . | . . . . . Relay Couplers Released . | . . . . . Fabnet Peak Effective % . | . . . . . Robots Rewired . | . . . . . Allies Hacked . | . . . . . Hacks Repelled . | . . . . . Allies | -11 -10 -10 -9 -9 -------- Run | Scr Mat Min Mat Min Total Allies 3 | . . 3 . . Largest Group 3 | . . 3 2 . Highest-Rated Group 40 | . . 40 32 . Highest-Rated Ally 16 | . . 16 16 . Total Orders . | . . . . . Ally Attacks 15 | . . 5 10 . Total Damage 161 | . . 66 95 . Kills 4 | . . 2 2 . Allies Corrupted . | . . . . . Allies Melted . | . . . . . Intel | -11 -10 -10 -9 -9 ------- Run | Scr Mat Min Mat Min Robot Analysis Total . | . . . . . Derelict Logs Recovered 2 | . . 2 . . Drone Launches . | . . . . . Drone Recoveries . | . . . . . Exploration | -11 -10 -10 -9 -9 ------------- Run | Scr Mat Min Mat Min Turns Passed 3072 | 163 751 617 1365 176 Spaces Moved 1697 | 66 385 492 658 96 Core 3 | 3 . . . . Treads 869 | 63 385 . 325 96 Legs . | . . . . . Wheels 825 | . . 492 333 . Hover . | . . . . . Flight . | . . . . . Fastest Speed 50 | 50 160 110 110 160 Average Speed 137 | 155 160 110 140 160 Slowest Speed 240 | 160 160 110 240 160 Overloaded Moves . | . . . . . Propulsion Burnouts . | . . . . . Robots Hopped . | . . . . . Cave-ins Triggered . | . . . . . Exploration Rate (%) 53 | 4 85 99 65 13 Regions Visited 4 Branch Regions 2 Pre-discovered Areas 3 | . . 3 . . Known Exits Taken . | . . . . . Unknown Exits Taken 4 | 1 1 1 1 . Scrap Searched 2 | . . 1 . 1 Spaces Dug . | . . . . . Terrain Destroyed 25 | . . . . 25 Melee . | . . . . . Projectile . | . . . . . AOE 25 | . . . . 25 Terrain Rammed . | . . . . . Walls Destroyed . | . . . . . Machines Disabled . | . . . . . Actions | -11 -10 -10 -9 -9 --------- Run | Scr Mat Min Mat Min Total 2067 | 96 446 537 878 110 Wait 83 | . 14 20 49 . Move 1693 | 65 384 491 657 96 Hop . | . . . . . Pick Up 28 | 9 4 6 7 2 Fast Attach 15 | 7 1 . 7 . Attach 11 | . 1 1 7 2 Detach . | . . . . . Swap 22 | . 3 . 17 2 Drop 23 | 1 2 3 16 1 Fire 192 | 14 37 16 118 7 Melee . | . . . . . Ram . | . . . . . Kick . | . . . . . Crush . | . . . . . Escape Stasis . | . . . . . Rewire . | . . . . . Trap . | . . . . . Miscellaneous . | . . . . . Route ------- -11/Scrapyard -10/Materials (discovered 4 exits: *Mat x3 / [*Min]) -10/Mines (discovered 2 exits: *Mat x2) -9/Materials (discovered 3 exits: [*Mat x2] / [*Min]) -9/Mines History --------- Turn | Location | Event 27 | -11/Scrapyard | Discovered new exit (range 16) 164 | -11/Scrapyard | Entered Materials 319 | -10/Materials | Discovered new exit (range 15) 326 | -10/Materials | Build established: Mutant 453 | -10/Materials | Discovered new exit (range 16) 595 | -10/Materials | Discovered new exit (range 16) 698 | -10/Materials | Discovered new exit (range 7) 915 | -10/Materials | Entered Mines 960 | -10/Mines | Discovered new exit (range 13) 967 | -10/Mines | Learned location of Storage (-7) 1139 | -10/Mines | Received a Rocket Launcher from a helpful Derelict 1218 | -10/Mines | Assisted by bots powering up and referring to "LRC-V3" 1285 | -10/Mines | Learned location of Zion (-7) 1352 | -10/Mines | Discovered new exit (range 4) 1404 | -10/Mines | Found a hidden stash of uninstalled traps 1532 | -10/Mines | Entered Materials 1532 | -9/Materials | Accompanied by 2 allies 1532 | -9/Materials | Evolved 2 slots: Utility x2 1959 | -9/Materials | Build established: Scavenger-Mutant 2096 | -9/Materials | Discovered new exit (range 11) 2458 | -9/Materials | Core integrity fell below 50% 2515 | -9/Materials | Discovered new exit (range 4) 2870 | -9/Materials | Discovered new exit (range 13) 2897 | -9/Materials | Entered Mines 3002 | -9/Mines | Assembled infested the area 3020 | -9/Mines | Core integrity fell below 20% 3055 | -9/Mines | Destroyed 12 combat bots 3073 | -9/Mines | Destroyed by D-53 Grenadier with Mini Grenade Launcher Last Messages --------------- 03035_ The unstable cave ceiling collapses. 03036_ R-06 Scavenger collects Wheel. 03039_ R-06 Scavenger collects Imp. Terrain Scanner. 03049_ Acquired Lgt. Treads. 03052_ U-05 Engineer lays Concrete. 03052_ R-06 Scavenger collects Seismic Detector. 03053_ U-05 Engineer lays Concrete. 03055_ U-05 Engineer builds a Wall. 03059_ U-05 Engineer lays Concrete. 03061_ U-05 Engineer builds a Wall. 03064_ C-30 ARC bursts open, deploying its payload. 03064_ D-53 Grenadier unfolds itself. 03064_ Rocket Launcher destroyed. 03065_ U-05 Engineer builds a Wall. 03065_ as-58856 destroyed. 03066_ U-05 Engineer lays Concrete. 03071_ The unstable cave ceiling collapses. 03071_ Imp. Treads destroyed. 03073_ System corrupted: Matter fused (-5). 03073_ EMP Blaster destroyed. Map ----- +----------------------------------------------------+ | ???????????????????????????????## ##???????? | | ???????????????????????????????## ##???????? | | ?????????????????????????## ???## ##???????? | | ?????????????????????????## ???## ##???????? | | ?????????????????????????## ##### ##???????? | | ?????????????????????????## ##### ##???????? | | ?????????????????????????## ##???????? | | ????????????????????????? ### ######???????? | | ????????????????????????? ### ######???????? | | ???????????????????????????##%##???????????? | | ???????????????????????????##"##???????????? | | ??????????????????????????### ##???????????? | | ?????????????????????????#### ###??????????? | | ?????????????????????????### ###??????????? | | ???????????????????????#### ##??????????? | | ???????????????????????#### = ####?????????? | | ???????????????????????## #dd########?????? | | ?????????????????????#### ## # ######?????? | | ?????????????????????#### ##?????? | | ????????????????????### ### ##?????? | | ????????????????????### ## ##?????? | | ???????????????????### ### ##?????? | | ???????????????????### ### ##?????? | | ???????????????????## #### ##?????? | | ???????????????????### #### ##?????? | | ???????????????????## @ ###### ##?????? | | ???????????????????## ###### ##?????? | | ???????????????????## ##?# #?????? | | ???????????????????### ###?? ??????? | | ???????????????????### #####?? ??????? | | ????????????????????### ######??# ??????? | | ????????????????????#########????## ?????? | | ?????????????????????######??????## ##?????? | | ??????????????????????????????????? ##?????? | | ??????????????????????????????????? ???????? | | ??????????????????????????????????? ???????? | | ??????????????????????????????????? ???????? | | ??????????????????????????????????? ???????? | | ??????????????????????????????????? ???????? | | ???????????????????????????????????????????? | | ???????????????????????????????????????????? | | ???????????????????????????????????????????? | | ???????????????????????????????????????????? | | ???????????????????????????????????????????? | | ???????????????????????????????????????????? | | ???????????????????????????????????????????? | | ???????????????????????????????????????????? | | ???????????????????????????????????????????? | | ???????????????????????????????????????????? | | ???????????????????????????????????????????? | +----------------------------------------------------+ Best States ------------- Heat Dissipation 42 Energy Generation 12 Energy Capacity 265 Matter Stores 300 Matter Capacity 300 Sight Range 16 Terrain Scan Density 10 Armor Coverage 150 Core Shielding 20 Evasion (%) 40 Recoil Reduction 2 Item Schematics ----------------- None Robot Schematics ------------------ None Fabricated ------------ Nothing Alien Tech Used ----------------- None Achievements -------------- None Challenges ------------ None Game ------ Seed UltimateAssembledExpander Manual? 0 Play Time 00:23:35 Cumulative 456.8 hours Start 2022.08.10 @ 12:06:26 End 2022.08.11 @ 12:13:43 Sessions 1 Manual Loads 0 Difficulty Rogue Special Mode None Game No. 505 Rogue 504 Adventurer 0 Explorer 1 Win Type - Total 14 Types 9/0/2/3/0/0/0/0/0 Lore% 78 Gallery% 88 Achievement% 69 Wizard Run 0 Options --------- ASCII 0 Keyboard 1 Movement Vi Keybinds 0 Fullscreen 1 Font 18/SmallcapsGlow Map View 76x50 Tactical HUD 1 Map Filters NONE Filters NONE Steam 1 RUN: 2bf5c98b-de60-47d6-916c-142c99ff2e51